details: 'EBK-1988 uneventive stab'

« prev index next »

General information

Mini Map

Players

team 1
Random» OrcPhreez.sucka (teal | 39 APM | 5 actions | 00:07)

» actions
Build / train2
Right click1
Select / deselect2
5 total
» units
Peon2
2 total
Random» HumanHowToQueue (green | 82 APM | 2231 actions | 27:21)
Hero icon 6 Goblin Tinker
Ability icon 3 Pocket Factory
Ability icon 2 Engineering Upgrade
Ability icon 1 Robo-Goblin

» actions
Assign group hotkey18
Basic commands56
Build / train150
ESC pressed4
Enter build submenu93
Enter hero's abilities submenu7
Give item / drop item4
Right click822
Select / deselect333
Select group hotkey637
Use ability107
2231 total
» units
Peasant17
Peon18
Flying Machine12
47 total
» upgrades
Spiked Barricades6
Masonry3
Swords3
Armor4
Gunpowder3
Lumber Harvesting2
Flak Cannons1
Flying Machine Bombs1
Plating4
Reinforced Defenses2
Barrage1
Fragmentation Shards1
Animal War Training1
Long Rifles1
Defend1
34 total
» buildings
Altar of Kings1
Barracks1
Farm10
War Mill2
Orc Burrow3
Scout Tower33
Lumber Mill1
Arcane Tower4
Watch Tower17
Guard Tower18
Keep2
Stronghold5
Blacksmith1
Castle3
Altar of Storms2
Fortress5
Workshop2
Voodoo Lounge2
Arcane Vault1
Town Hall4
Cannon Tower1
118 total
» build order
00:04 Altar of Kings
00:11 Barracks
00:24 Farm
00:39 War Mill
00:45 Orc Burrow
00:58 War Mill
01:09 Scout Tower
01:32 Lumber Mill
01:46 Arcane Tower
01:55 Farm
02:03 Scout Tower
02:13 Watch Tower
02:14 Watch Tower
02:16 Watch Tower
02:31 Watch Tower
02:32 Watch Tower
02:34 Watch Tower
02:35 Watch Tower
02:45 Scout Tower
02:45 Scout Tower
02:47 Scout Tower
03:15 Watch Tower
03:17 Orc Burrow
03:19 Guard Tower
03:20 Guard Tower
03:20 Guard Tower
03:31 Orc Burrow
03:57 Scout Tower
04:09 Watch Tower
04:12 Watch Tower
04:13 Watch Tower
04:23 Watch Tower
04:24 Watch Tower
04:28 Watch Tower
04:29 Watch Tower
05:08 Arcane Tower
05:09 Keep
05:21 Stronghold
05:21 Stronghold
05:23 Stronghold
05:23 Stronghold
05:25 Watch Tower
06:17 Blacksmith
07:39 Castle
07:39 Castle
07:46 Altar of Storms
07:50 Altar of Storms
09:02 Fortress
09:02 Fortress
09:04 Fortress
09:04 Fortress
09:16 Workshop
09:18 Workshop
09:31 Voodoo Lounge
09:33 Watch Tower
09:37 Voodoo Lounge
09:39 Arcane Vault
11:20 Scout Tower
11:22 Scout Tower
11:23 Scout Tower
12:01 Guard Tower
12:02 Guard Tower
12:09 Farm
12:11 Farm
12:14 Farm
12:23 Farm
12:28 Farm
14:15 Farm
14:15 Farm
14:17 Farm
16:40 Scout Tower
16:41 Scout Tower
16:42 Scout Tower
16:45 Scout Tower
16:46 Scout Tower
16:50 Scout Tower
16:52 Scout Tower
16:53 Scout Tower
16:55 Scout Tower
16:57 Scout Tower
16:59 Scout Tower
17:02 Scout Tower
17:03 Scout Tower
17:06 Town Hall
17:32 Guard Tower
19:41 Scout Tower
19:43 Scout Tower
19:44 Scout Tower
20:29 Guard Tower
21:25 Scout Tower
21:25 Scout Tower
21:26 Scout Tower
22:24 Scout Tower
22:26 Scout Tower
22:56 Guard Tower
22:57 Guard Tower
22:58 Town Hall
23:17 Guard Tower
23:17 Guard Tower
23:20 Town Hall
23:32 Scout Tower
23:33 Scout Tower
23:35 Scout Tower
24:21 Town Hall
24:35 Guard Tower
24:35 Guard Tower
26:12 Cannon Tower
» items
Lesser Clarity Potion1
Healing Salve1
Potion of Healing1
Boots of Speed1
Staff of Teleportation1
5 total
OrcLivingOnAPrayer (purple | 55 APM | 11 actions | 00:12)

» actions
Build / train2
Enter build submenu1
Right click3
Select / deselect4
Use ability1
11 total
» units
Peon2
2 total
» buildings
Orc Burrow1
1 total
» build order
00:07 Orc Burrow
Random» UndeadEBK-1988 (yellow | 23 APM | 453 actions | 20:04)
Hero icon 2 Dark Ranger
Ability icon 1 Black Arrow
Ability icon 1 Life Drain

» actions
Build / train60
Enter build submenu23
Enter hero's abilities submenu2
Remove unit from queue2
Right click122
Select / deselect219
Use ability25
453 total
» units
Acolyte3
Ghoul17
Crypt Fiend7
Frost Wyrm19
46 total
» upgrades
Freezing Breath1
Creature Attack1
2 total
» buildings
Altar of Darkness1
Crypt2
Ziggurat10
Graveyard1
Halls of the Dead1
Nerubian Tower3
Black Citadel1
Sacrificial Pit2
Spirit Tower2
Boneyard2
25 total
» build order
00:43 Altar of Darkness
00:47 Crypt
00:50 Ziggurat
01:16 Crypt
01:27 Graveyard
01:44 Ziggurat
04:20 Ziggurat
04:50 Ziggurat
05:09 Halls of the Dead
05:26 Ziggurat
06:11 Ziggurat
06:22 Nerubian Tower
07:22 Nerubian Tower
09:21 Black Citadel
09:31 Sacrificial Pit
09:47 Sacrificial Pit
10:45 Ziggurat
10:50 Spirit Tower
10:54 Ziggurat
11:22 Ziggurat
11:45 Boneyard
11:54 Boneyard
12:01 Spirit Tower
12:15 Nerubian Tower
16:37 Ziggurat
team 2
Orcblablablah (orange | 34 APM | 766 actions | 22:50)
Hero icon 6 Shadow Hunter
Ability icon 2 Hex
Ability icon 3 Healing Wave
Ability icon 1 Serpent Ward

» actions
Basic commands22
Build / train64
Enter build submenu13
Enter hero's abilities submenu6
Give item / drop item7
Right click294
Select / deselect278
Use ability82
766 total
» units
Peon7
Grunt18
25 total
» upgrades
Pillage1
Spiked Barricades2
Melee Weapons4
Armor4
Berserker Strength1
Reinforced Defenses1
Ranged Weapons1
14 total
» buildings
Orc Burrow5
Altar of Storms1
Voodoo Lounge1
Barracks5
War Mill1
Stronghold1
Fortress1
15 total
» build order
00:13 Orc Burrow
00:31 Altar of Storms
00:49 Voodoo Lounge
01:34 Barracks
01:38 Barracks
02:24 Barracks
02:34 Orc Burrow
02:52 Barracks
03:00 War Mill
03:06 Orc Burrow
03:37 Orc Burrow
05:41 Stronghold
08:04 Fortress
20:08 Barracks
20:15 Orc Burrow
» items
Lesser Clarity Potion3
Scroll of Town Portal3
Potion of Healing1
Potion of Mana3
Healing Salve2
Scroll of Speed2
Orb of Lightning1
15 total
HumanSilverAndGold (blue | 93 APM | 2553 actions | 27:19)
Hero icon 6 Archmage
Ability icon 3 Summon Water Elemental
Ability icon 2 Brilliance Aura
Ability icon 1 Mass Teleport
Hero icon 4 Mountain King
Ability icon 2 Storm Bolt
Ability icon 2 Bash

» actions
Assign group hotkey110
Basic commands167
Build / train89
Enter build submenu45
Enter hero's abilities submenu10
Give item / drop item6
Right click785
Select / deselect432
Select group hotkey758
Use ability151
2553 total
» units
Peasant14
Footman9
Goblin Shredder2
Dragonhawk Rider2
27 total
» upgrades
Masonry3
Cloud1
Lumber Harvesting1
Swords3
Animal War Training1
Armor3
12 total
» buildings
Altar of Kings1
Barracks1
Farm6
Keep1
Town Hall2
Arcane Vault1
Lumber Mill1
Castle1
Scout Tower37
Guard Tower11
Arcane Tower2
Gryphon Aviary6
Blacksmith2
72 total
» build order
00:44 Altar of Kings
00:44 Barracks
00:54 Farm
01:06 Farm
01:07 Farm
01:09 Farm
03:43 Keep
04:07 Town Hall
04:23 Farm
05:43 Arcane Vault
06:00 Lumber Mill
06:37 Castle
06:53 Town Hall
07:14 Scout Tower
07:16 Scout Tower
07:20 Scout Tower
07:26 Scout Tower
07:29 Scout Tower
07:30 Scout Tower
07:32 Scout Tower
07:33 Scout Tower
07:35 Scout Tower
07:53 Scout Tower
07:55 Scout Tower
07:58 Scout Tower
08:01 Scout Tower
08:03 Scout Tower
08:21 Guard Tower
08:23 Guard Tower
08:23 Guard Tower
08:27 Farm
08:31 Scout Tower
08:33 Scout Tower
08:33 Scout Tower
08:34 Scout Tower
08:36 Scout Tower
08:39 Scout Tower
08:47 Guard Tower
09:24 Arcane Tower
09:38 Guard Tower
11:09 Guard Tower
11:34 Guard Tower
11:36 Scout Tower
11:37 Scout Tower
11:37 Scout Tower
11:38 Scout Tower
11:42 Scout Tower
11:43 Scout Tower
11:44 Scout Tower
11:45 Scout Tower
11:46 Scout Tower
11:47 Scout Tower
11:53 Scout Tower
11:54 Scout Tower
11:55 Scout Tower
11:58 Scout Tower
11:59 Scout Tower
12:06 Scout Tower
12:07 Scout Tower
12:15 Arcane Tower
13:45 Guard Tower
14:14 Guard Tower
14:40 Gryphon Aviary
14:41 Gryphon Aviary
14:43 Gryphon Aviary
14:45 Gryphon Aviary
14:52 Gryphon Aviary
14:59 Gryphon Aviary
16:04 Guard Tower
16:15 Blacksmith
16:19 Blacksmith
» items
Scroll of Regeneration5
Boots of Speed1
Periapt of Vitality3
Staff of Teleportation1
Potion of Lesser Invulnerability3
Scroll of Healing3
Potion of Healing2
Scroll of Town Portal2
Scroll of Protection1
21 total
Humanis-rod-lying (red | 43 APM | 1125 actions | 26:18)
Hero icon 3 Mountain King
Ability icon 2 Storm Bolt
Ability icon 1 Bash
Hero icon 3 Paladin
Ability icon 2 Holy Light
Ability icon 1 Divine Shield

» actions
Assign group hotkey19
Basic commands76
Build / train67
Enter build submenu20
Enter hero's abilities submenu6
Give item / drop item2
Remove unit from queue1
Right click266
Select / deselect193
Select group hotkey425
Use ability50
1125 total
» units
Peasant21
Gryphon Rider3
Goblin Sapper5
29 total
» upgrades
Lumber Harvesting2
Masonry3
Swords3
Armor3
Animal War Training1
Storm Hammers1
13 total
» buildings
Altar of Kings1
Farm9
Keep2
Scout Tower1
Arcane Tower1
Lumber Mill1
Castle1
Arcane Vault1
Town Hall2
Gryphon Aviary3
Barracks2
Blacksmith1
25 total
» build order
01:29 Altar of Kings
01:44 Farm
01:57 Keep
02:09 Scout Tower
02:40 Arcane Tower
02:48 Lumber Mill
03:10 Farm
03:49 Farm
04:28 Castle
04:33 Arcane Vault
04:38 Farm
06:32 Town Hall
07:20 Farm
08:19 Town Hall
08:52 Farm
10:15 Gryphon Aviary
10:16 Gryphon Aviary
10:25 Gryphon Aviary
10:31 Farm
10:32 Farm
10:32 Farm
12:27 Barracks
12:30 Blacksmith
12:36 Barracks
» items
Staff of Teleportation2
Boots of Speed1
Scroll of Regeneration1
Staff of Sanctuary1
Orb of Fire1
Potion of Mana1
Scroll of Town Portal1
8 total
Orcbaileyboy (pink | 31 APM | 777 actions | 24:48)
Hero icon 4 Blademaster
Ability icon 2 Wind Walk
Ability icon 1 Mirror Image
Ability icon 1 Critical Strike

» actions
Basic commands23
Build / train55
Enter build submenu27
Enter hero's abilities submenu4
Give item / drop item1
Right click417
Select / deselect211
Use ability39
777 total
» units
Peon13
Grunt4
Troll Headhunter/Berserker3
Demolisher10
Wind Rider8
Shaman5
43 total
» upgrades
Burning Oil1
Shaman Training2
Envenomed Spears1
4 total
» buildings
Orc Burrow8
Altar of Storms1
Barracks1
War Mill2
Voodoo Lounge1
Watch Tower8
Stronghold1
Fortress1
Spirit Lodge1
Beastiary1
Great Hall3
28 total
» build order
00:50 Orc Burrow
00:57 Altar of Storms
01:05 Barracks
01:38 Orc Burrow
01:53 War Mill
02:18 Voodoo Lounge
03:32 Orc Burrow
03:44 Watch Tower
04:31 Stronghold
07:17 Watch Tower
07:34 Fortress
07:54 Orc Burrow
07:56 Watch Tower
10:14 Watch Tower
10:19 Spirit Lodge
12:36 Beastiary
12:43 Orc Burrow
15:11 Orc Burrow
16:34 Great Hall
17:38 Orc Burrow
17:41 Orc Burrow
18:42 Watch Tower
20:21 Great Hall
22:16 Great Hall
22:22 War Mill
23:35 Watch Tower
23:38 Watch Tower
23:40 Watch Tower
» items
Orb of Lightning1
1 total

Chat log

(00:07 / All) HowToQueue: I suppose
(00:11 / Allies) EBK-1988: wow
(00:29 / All) EBK-1988: this is the 3rd fucking game in a row my team left

(02:18 / All) is-rod-lying: hey yellow
(02:20 / All) is-rod-lying: u here bud
(02:30 / All) EBK-1988: yo
(02:37 / All) is-rod-lying: ill make a deal with you, u dont attack my base and i wont attack ur base in the first ten min ok?
(02:45 / All) EBK-1988: ok lol
(02:54 / All) is-rod-lying: good deal sir
(03:00 / All) is-rod-lying: ill give you an item to "appease" u
(03:02 / All) is-rod-lying: as well
(03:04 / All) is-rod-lying: we are buds
(03:11 / All) EBK-1988: 4 sure
(03:14 / All) EBK-1988: : )
(03:17 / All) is-rod-lying: what item u want from shop
(03:19 / All) is-rod-lying: where u at
(03:29 / All) EBK-1988: in my base
(03:32 / All) SilverAndGold: CHARGE
(03:38 / All) SilverAndGold: FOR KHAZ MODAN
(03:54 / All) EBK-1988: speak english u fucking communist
(04:02 / All) is-rod-lying: i like yellow
(04:05 / All) is-rod-lying: he is a man of integrity
(04:24 / All) EBK-1988: i like red
(04:32 / All) EBK-1988: hes not a communist
(04:43 / All) is-rod-lying: u got that straight
(04:45 / All) is-rod-lying: im a proud patriot
(04:56 / All) EBK-1988: thats right
(05:54 / All) EBK-1988: lol pink
(06:02 / All) EBK-1988: red
(06:24 / All) is-rod-lying: yes?
(06:34 / All) EBK-1988: wheres ur base so i dnt atk
(06:40 / All) is-rod-lying: top right near river
(06:41 / All) EBK-1988: i wanat pink
(06:49 / All) is-rod-lying: pink is top right near redge of map
(06:54 / All) EBK-1988: ty

(08:04 / All) EBK-1988: so
(08:08 / All) EBK-1988: we gna lose
(08:12 / All) EBK-1988: what u goin red
(08:13 / All) is-rod-lying: u will not
(08:22 / All) EBK-1988: i think so
(08:24 / All) is-rod-lying: i promnise u yellow
(08:26 / All) is-rod-lying: u will not lose
(08:29 / All) is-rod-lying: u have a deal brother
(08:35 / All) EBK-1988: ty my friend
(08:37 / All) is-rod-lying: i will not let the white city fall
(08:46 / All) EBK-1988: yea
(08:52 / All) EBK-1988: lol pink'
(09:18 / All) EBK-1988: lol
(09:46 / All) is-rod-lying: god
(09:47 / All) is-rod-lying: lawl
(09:51 / All) EBK-1988: ?
(10:06 / All) is-rod-lying: sibling rivalry yellow do not worry about it
(10:16 / All) EBK-1988: ah
(10:38 / All) is-rod-lying: tower up yellow
(10:46 / All) EBK-1988: k

(13:10 / All) is-rod-lying: wasnt me
(13:31 / All) EBK-1988: green give me wood
(13:50 / All) EBK-1988: ty
(14:17 / All) is-rod-lying: yea this is probably a game we should have left, poor judgement on #3's part
(14:26 / All) HowToQueue: stab soon
(14:28 / All) EBK-1988: yea
(14:42 / All) HowToQueue: dual gloves of haste and claws, i wish I got orc
(14:58 / All) EBK-1988: u were random?
(15:00 / All) HowToQueue: yeah
(15:05 / All) EBK-1988: same here

(16:09 / All) EBK-1988: what happened blue
(16:21 / All) EBK-1988: got cocky?
(17:10 / All) EBK-1988: lol
(17:13 / All) EBK-1988: blue towers
(18:03 / All) EBK-1988: gg
(18:05 / All) SilverAndGold: what's the matter yellow
(18:06 / All) EBK-1988: cya red
(18:07 / All) SilverAndGold: got cocky?
(18:11 / All) EBK-1988: lol
(18:14 / All) is-rod-lying: i told u not to leave yellow
(18:16 / All) is-rod-lying: scan pinks base
(18:20 / All) EBK-1988: u got preety quiet till now
(18:33 / All) SilverAndGold: wasn't aware that I talked ever|
(18:38 / All) HowToQueue: yes run into the towers please
(18:45 / All) EBK-1988: well
(18:53 / All) EBK-1988: ur still a fag
(19:15 / All) EBK-1988: lol
(19:16 / All) is-rod-lying: HARDY HARD HARD PINK
(19:18 / All) is-rod-lying: BAILEY BOY
(19:41 / All) EBK-1988: gold pls green
(20:22 / All) HowToQueue: My solo tinker did more than pink and orange did all game
(20:25 / All) is-rod-lying: HOW CLOS ETO ROBO
(20:54 / All) HowToQueue: very lucky with tinker item drops
(20:58 / All) is-rod-lying: ROBO!
(21:16 / All) HowToQueue: leave orange so I can finish his shit
(21:20 / All) is-rod-lying: lucky to me is +5 rings of protection, 4 from market square

(23:50 / All) HowToQueue: Pink, tell me why you keep fooling. little coquet.
(23:51 / All) is-rod-lying: watch the sappers
(23:54 / All) is-rod-lying: ROD!

(24:59 / All) HowToQueue: which side getst he loss?
(25:10 / All) is-rod-lying: tis irrelevant i think
(25:23 / All) HowToQueue: I enjoyed solo tinker this game if nothing else
(25:25 / All) HowToQueue: copters were fun
(25:30 / All) HowToQueue: an overall bad game though
(25:45 / All) is-rod-lying: yes
(25:46 / All) is-rod-lying: it was
(26:16 / All) is-rod-lying: i am going to bed lets be on tomorrow brothers
(26:23 / All) SilverAndGold: lawl
(26:25 / All) SilverAndGold: he ran away
(26:31 / All) HowToQueue: I have an Elvis concert on Friday
(26:32 / All) SilverAndGold: I jsut raped all his griffs
(26:34 / All) HowToQueue: but I will be on Thursday
(26:35 / All) SilverAndGold: he was hero focusing me
(26:41 / All) HowToQueue: i hope the impersonator is good
(26:53 / All) HowToQueue: Oh wait it's thursday today, thought it was wednesday
(26:56 / All) SilverAndGold: what era
(26:57 / All) HowToQueue: i shall not be on tomorrow
(27:02 / All) SilverAndGold: fat 70s elvis|
(27:05 / All) HowToQueue: Not sure, young Elvis I think
(27:12 / All) SilverAndGold: Fat 70s was the grooviest
(27:19 / All) HowToQueue: 50s elvis was the best 60s elvis was decent 70s elvis the strangest